 Dungeon Crawl Stone Soup version 0.30-a0-1008-g30c9307041 (webtiles) character file.

Game seed: 8772020256374344488

875 Newt the Skirmisher (level 8, 0/44 HPs)
             Began as a Kobold Hunter on Apr 5, 2023.
             Was a Follower of Hepliaklqana.
             Succumbed to a hornet's poison
             ... on level 7 of the Dungeon.
             The game lasted 00:05:14 (6236 turns).

Newt the Skirmisher (Kobold Hunter)                 Turns: 6236, Time: 00:05:15

Health: 0/44       AC:  4    Str:  8    XL:     8   Next: 24%
Magic:  8/8        EV: 22    Int: 16    God:    Hepliaklqana [*.....]
Gold:   443        SH:  0    Dex: 21    Spells: 7/7 levels left

rFire   . . .      SeeInvis .    a - +1 shortbow
rCold   . . .      Faith    .    (shield currently unavailable)
rNeg    . . .      Spirit   .    c - +0 leather armour
rPois   .          Reflect  .    p - +0 helmet
rElec   .          Rampage  .    d - scarf {repulsion}
rCorr   .                        (no gloves)
Will    .....                    (no boots)
Stlth   +++                      u - amulet of magic regeneration
HPRegen 0.27/turn                o - +5 ring of evasion
MPRegen 0.51/turn                r - +6 ring of intelligence

@: lethally poisoned (0 -> -11), repel missiles
A: reduced essence, small, no large weapons, nightstalker 3
a: Renounce Religion, Recall Ancestor, Ancestor Identity


You were on level 7 of the Dungeon.
You worshipped Hepliaklqana.
Hepliaklqana was aware of your devotion.
You visited 2 branches of the dungeon, and saw 8 of its levels.

You collected 443 gold pieces.

Inventory:

Hand Weapons
 a - a +1 shortbow (weapon)
Armour
 c - a +0 leather armour (worn)
 d - a scarf of repulsion (worn)
 p - a +0 helmet (worn)
Jewellery
 n - a ring of protection from cold
 o - a +5 ring of evasion (left hand)
 r - a +6 ring of intelligence (right hand)
 u - an amulet of magic regeneration (around neck)
Wands
 s - a wand of paralysis (2)
 t - a wand of light (7)
Scrolls
 b - a scroll of immolation
 e - 2 scrolls of enchant armour
 g - 2 scrolls of silence
 i - 2 scrolls of vulnerability
 j - 2 scrolls of noise
Potions
 f - 2 potions of flight
 h - a potion of resistance
 k - 2 potions of heal wounds
 l - a potion of berserk rage {unknown}
 m - a potion of brilliance


   Skills:
 - Level 5.0 Fighting
 - Level 10.0 Ranged Weapons
 * Level 5.7 Dodging
 - Level 1.3 Stealth


You had 7 spell levels left.
You didn't know any spells.
Your spell library contained the following spells:

 Spells                   Type           Power      Damage    Failure   Level
 Foxfire                  Conj/Fire      0%         2x1d4     36%         1
 Static Discharge         Conj/Air       0%         2-2/arc   50%         2
 Ozocubu's Armour         Ice            0%         N/A       73%         3
 Airstrike                Air            0%         2d(0-16)  98%         4
 Summon Lightning Spire   Summ/Air       0%         N/A       98%         4
 Fireball                 Conj/Fire      0%         3d3       100%        5
 Metabolic Englaciation   Hex/Ice        0%         N/A       100%        5
 Plasma Beam              Fire/Air       0%         2x1d11    100%        6
 Simulacrum               Ice/Necr       0%         N/A       100%        6
 Starburst                Conj/Fire      0%         6d3       100%        6
 Ozocubu's Refrigeration  Ice            0%         4d7       100%        7


Dungeon Overview and Level Annotations

Branches:
Dungeon (7/15)             Temple (1/1) D:5

Altars:
Dithmenos
Elyvilon
Fedhas
Gozag
Hepliaklqana
Qazlal
Ru
Sif Muna
Vehumet
Zin
The Shining One

Shops:
D:4 [   D:6 !

Annotations:
D:6 1 runed translucent door, Crazy Yiuf, Maggie


Innate Abilities, Weirdness & Mutations

Your life essence is reduced to manifest your ancestor. (-10% HP)
You are small and have problems with some larger weapons.
You are completely attuned to the shadows.


Message History

A hornet is nearby!
You shoot an arrow. Eanasir avoids your attack.
The arrow hits the hornet.
The hornet is moderately wounded.
Eanasir misses the hornet.
You shoot an arrow. The arrow hits the hornet.
The hornet is moderately wounded.
Eanasir closely misses the hornet.
You shoot an arrow.
The arrow hits the hornet but does no damage.
The hornet is moderately wounded.
The hornet stings you!
You feel yourself slow down. The hornet stings you!
You are poisoned.
You feel as though you will be slow longer.
Eanasir hits the hornet.
Aiming: Bolt of Light
Press: ? - help, Shift-Dir - straight line, f/p - hornet
Aim: a hornet (moderately wounded, ally target, 57% to hit)
The bolt of light hits the hornet!
The hornet is severely wounded.
The hornet is blinded.
You feel very sick. The hornet closely misses you.
Eanasir barely misses the hornet.
The hornet misses you.
Unknown command.
You shoot an arrow. The arrow closely misses the hornet.
You feel sick. The hornet completely misses you.
Eanasir hits the hornet.
The hornet misses you.
Eanasir hits the hornet.
The hornet misses you.
Unknown command.
You shoot an arrow. The arrow closely misses the hornet.
You feel yourself speed up.
You feel sick. The hornet stings you.
* * * LOW HITPOINT WARNING * * *
You are lethally poisoned!
You suddenly lose the ability to move!
Eanasir hits the hornet.
* * * LOW HITPOINT WARNING * * *
You feel very sick.
Eanasir hits the hornet.
You can move again.
You swap places.
You die...

......................#
......................#
...............#######
..(...........#
..<..<.# ...[...#
..)....# .......###
.....@y... .....R....
.......... ..........
#......... .........


You could see the friendly Eanasir the ancestor and a hornet (blind, ally
target).

Vanquished Creatures
  A wyvern (D:6)
  A centaur (D:7)
  A phantom (D:5)
  A bullfrog (D:6)
  A scorpion (D:4)
  A jelly (D:3)
  An orc priest (D:4)
  A sleepcap (D:5)
  An iguana (D:4)
  2 orc wizards (D:4)
  Natasha (twice) (D:2)
  Robin (D:3)
  A gnoll (D:1)
  6 adders
  2 white imps
  2 worms
  6 dart slugs
  13 orcs
  2 bats
  6 endoplasms
  2 giant cockroaches
  19 goblins
  7 hobgoblins
  A jackal (D:1)
  5 kobolds
  4 quokkas
  4 ball pythons
  5 frilled lizards
  2 rats
101 creatures vanquished.

Vanquished Creatures (collateral kills)
  A howler monkey (D:7)
1 creature vanquished.

Grand Total: 102 creatures vanquished

Notes
Turn   | Place    | Note
-------+----------+-------------------------------------------
     0 | D:1      | Newt the Kobold Hunter began the quest for the Orb.
     0 | D:1      | Reached XP level 1. HP: 12/12 MP: 1/1
    89 | D:1      | Reached XP level 2. HP: 18/18 MP: 2/2
   363 | D:1      | Reached XP level 3. HP: 17/24 MP: 3/3
  1110 | D:2      | Noticed Natasha
  1116 | D:2      | Killed Natasha
  1117 | D:2      | Reached XP level 4. HP: 10/30 MP: 4/4
  1324 | D:2      | Noticed Natasha
  1326 | D:2      | Killed Natasha
  1327 | D:2      | Reached skill level 5 in Fighting
  1365 | D:2      | Reached XP level 5. HP: 35/35 MP: 5/5
  1762 | D:3      | Reached skill level 6 in Ranged Weapons
  2171 | D:3      | Noticed Robin
  2178 | D:3      | Killed Robin
  2179 | D:3      | Reached skill level 7 in Ranged Weapons
  2179 | D:3      | Reached XP level 6. HP: 39/40 MP: 6/6
  2699 | D:4      | Reached skill level 8 in Ranged Weapons
  2915 | D:4      | Found an opulent altar of Gozag.
  3195 | D:4      | Found Rofojasu's Armour Emporium.
  3282 | D:4      | You fall into a shaft and drop 1 floor!
  3282 | D:5      | Entered Level 5 of the Dungeon
  3621 | D:4      | Reached XP level 7. HP: 44/44 MP: 7/7
  3638 | D:4      | Reached skill level 9 in Ranged Weapons
  4216 | D:5      | Found a glowing silver altar of Zin.
  4314 | D:5      | Found a shadowy altar of Dithmenos.
  4428 | D:5      | Found a staircase to the Ecumenical Temple.
  4434 | Temple   | Entered the Ecumenical Temple
  4610 | Temple   | Became a worshipper of Hepliaklqana the Forgotten
  4722 | D:6      | Noticed a wyvern
  4733 | D:6      | Killed a wyvern
  4734 | D:6      | Reached skill level 10 in Ranged Weapons
  5038 | D:6      | Found a runed translucent door.
  5041 | D:6      | Noticed Crazy Yiuf
  5078 | D:6      | Reached XP level 8. HP: 49/49 MP: 8/8
  5091 | D:6      | Found Pasolugi's Distillery.
  5100 | D:6      | Noticed a yak
  5101 | D:6      | Noticed a yak
  5106 | D:6      | Noticed a yak
  5117 | D:6      | Noticed Maggie
  5956 | D:7      | Reached * piety under Hepliaklqana
  6122 | D:7      | Noticed a hornet
  6132 | D:7      | Reached skill level 5 in Dodging
  6234 | D:7      | Paralysed by a hornet for 2 turns
  6235 | D:7      | HP: 2/44 [poisoned by a hornet]
  6236 | D:7      | Succumbed to a hornet's poison

Illustrated notes

Levels and vault maps discovered:
D:1:      dpeg_arrival_brainrot, layout_basic,
          nicolae_concentric_dashed_squares_wild,
          wander_ebering_terrifying_dragon_lair
D:2:      layout_loops_cross, uniq_natasha
D:3:      layout_loops_ring, uniq_robin
D:4:      layout_gridville, nicolae_gozag_seed_capital, serial_shops, shop,
          dk_noncrumbling_2, kennysheep_orc_chapel
D:5:      layout_rooms, zin_scriptorium, mainiacjoe_overflow_alcove_1,
          minmay_temple_entry_poolview
D:6:      layout_cave_pools, gammafunk_temple_overflow_wave, serial_shops,
          nicolae_shop_window_shopping, uniq_crazy_yiuf_cottage, uniq_maggie
D:7:      layout_gridville
Temple:   nicolae_temple_godpark

Skill      XL: |  1  2  3  4  5  6  7  8 |
---------------+-------------------------+-----
Fighting       | 3 4 5 |  5.0
Ranged Weapons | 7 8 10 | 10.0
Dodging        | 4 5 |  5.7
Stealth        | |  1.3

Action                     |  1- 3 |  4- 6 |  7- 9 || total
---------------------------+-------+-------+-------++-------
   Fire: Shortbow          |    52 |   143 |   126 ||   321
  Evoke: Wand              |       |       |     5 ||     5
    Use: Scroll            |     5 |     4 |     5 ||    14
         Potion            |       |       |     1 ||     1
 Armour: Leather armour    |     1 |    11 |     6 ||    18
  Dodge: Dodged            |    18 |    46 |   105 ||   169
         Repelled          |       |       |     1 ||     1

Table legend: (Time is in decaauts)
 A = Elapsed time spent in this place.
 B = Non-inter-level travel time spent in this place.
 C = Inter-level travel time spent in this place.
 D = Time resting spent in this place.
 E = Time spent auto-exploring this place.
 F = Levels seen in this place.
 G = Mean time per level.
                   A        B        C        D        E       F      G
               +--------+--------+--------+--------+--------+-----+--------+
         Total |   6306 |   6056 |    250 |   1346 |   4054 |   8 |  788.2 |
       Dungeon |   6106 |   5878 |    228 |   1346 |   3888 |   7 |  872.3 |
        Temple |    199 |    177 |     22 |      0 |    166 |   1 |  199.0 |
               +--------+--------+--------+--------+--------+-----+--------+

Top non-repeatable levels by time:
     D:4: 1385 daAuts
     D:7: 1107 daAuts
     D:1: 959 daAuts
     D:2: 812 daAuts
     D:3: 774 daAuts
     D:5: 592 daAuts
     D:6: 476 daAuts
  Temple: 199 daAuts
